 Dungeon Crawl Stone Soup version 0.20.1-1-g8b1a95d66d (webtiles) character file.

124 Koyanaruu the Skirmisher (level 4, -9/40 HPs)
             Began as a Draconian Wanderer on Dec 31, 2017.
             Killed from afar by an orc wizard (10 damage)
             ... with a magic dart
             ... on level 4 of the Dungeon.
             The game lasted 00:20:01 (3284 turns).

Koyanaruu the Skirmisher (Draconian Wanderer)       Turns: 3284, Time: 00:20:01

Health: -9/40      AC:  7    Str: 14    XL:     4   Next: 81%
Magic:  4/4        EV: 13    Int: 12    God:
Gold:   151        SH:  0    Dex: 12    Spells: 3/3 levels left

rFire    + . .     SeeInvis .   k - +3 whip (venom)
rCold    . . .     Gourm    .   (no shield)
rNeg     . . .     Faith    .   (armour unavailable)
rPois    .         Spirit   .   (helmet restricted)
rElec    .         Reflect  .   (no cloak)
rCorr    .         Harm     .   g - +1 pair of gloves
MR       .....                  (no boots)
Stlth    ++........             (no amulet)
Regen    0.2/turn               j - ring of protection from fire
MPRegen  0.1/turn               (no ring)

@: slowed, very slow
A: unfitting armour, mutation resistance 1, cold-blooded, AC +5
a: no special abilities


You were on level 4 of the Dungeon.
You were not hungry.

You visited 1 branch of the dungeon, and saw 4 of its levels.

You collected 151 gold pieces.

Inventory:

Hand Weapons
 a - a +2 short sword
 c - a +0 hand axe
 d - a +0 dagger
 e - a cursed -3 short sword
 i - a +0 dagger
 k - a +3 whip of venom (weapon)
 p - a +0 falchion
 r - a +0 mace
Missiles
 l - 21 sling bullets
Armour
 g - a +1 pair of gloves (worn)
 m - a +0 leather armour
Magical Staves
 n - an uncursed staff of poison
Jewellery
 j - a ring of protection from fire (left hand)
Scrolls
 h - 2 scrolls of identify
Potions
 b - 2 potions of lignification
 o - 3 potions of curing
 q - a potion of heal wounds {unknown}
Comestibles
 f - 2 bread rations


   Skills:
 + Level 4.2 Fighting
 + Level 2.6 Short Blades
 + Level 1.0 Axes
 + Level 0.4(0.8) Maces & Flails
 + Level 2.7 Dodging
 + Level 2.3 Stealth
   Level 1.0 Shields


You had 3 spell levels left.
You didn't know any spells.

Dungeon Overview and Level Annotations

Branches:
Dungeon (4/15)
 Temple: D:4-7

Altars:

Annotations:
D:3 qepasa's ghost, amateur FoEn


Innate Abilities, Weirdness & Mutations

Your plain brown scales are hard. (AC +5)
You cannot fit into any form of body armour.
You are cold-blooded and may be slowed by cold attacks.
You are somewhat resistant to further mutation.


Message History

The leopard gecko bites you but does no damage.
You hit the leopard gecko.
You kill the leopard gecko!
The orc wizard mumbles some strange words.
The orc wizard seems to speed up.
The orc warrior closely misses you.
The orc wizard gestures wildly while chanting.
The orc wizard blinks!
The orc wizard gestures wildly while chanting.
The orc wizard blinks!
The orc wizard gestures at you while chanting.
The magic dart hits you!
You completely miss the orc wizard.
The orc wizard hits you but does no damage.
The orc warrior hits you with a broad axe!
* * * LOW HITPOINT WARNING * * *
The orc wizard casts a spell at you.
You feel yourself slow down.
The orc wizard gestures at you while chanting.
The magic dart hits you!
You die...

########### #.........#
##########.#######.#
#####.......##.......#.# ###
........[...##.......#.# #.#
............##.......#.# #.#
............##..@....#.########.#
..........<.##.......#...........
.....ยง.........ooo........>######
.........#...........#.#.###.####
.###.#...######......#...# #.##..
.# #.##### #......#.#####.##.# .#
#.# ########.......##.# .# #..
#######....# .. #.# ######


You could see an orc warrior, an orc wizard and an orc.

Vanquished Creatures
  A worker ant (D:4)
  4 adders
  2 oozes (D:2)
  A worm (D:2)
  2 dart slugs
  A leopard gecko (D:4)
  An orc (D:3)
  6 bats
  2 giant cockroaches
  3 goblins
  7 hobgoblins
  2 jackals (D:2)
  4 kobolds
  3 ball pythons (D:2)
  5 frilled lizards
  4 rats
48 creatures vanquished.

Notes
Turn   | Place    | Note
-------+----------+-------------------------------------------
     0 | D:1      | Koyanaruu the Draconian Wanderer began the quest for the Orb.
     0 | D:1      | Koyanaruu set off with: a +2 short sword, a potion of lignification, a +0 hand axe, a +0 dagger, a bread ration
     0 | D:1      | Reached XP level 1. HP: 19/19 MP: 1/1
   295 | D:1      | Reached XP level 2. HP: 11/26 MP: 2/2
   505 | D:1      | Gained mutation: You are somewhat resistant to further mutation. [potion of mutation]
  1357 | D:2      | Reached skill level 4 in Fighting
  1357 | D:2      | Reached XP level 3. HP: 30/33 MP: 3/3
  2093 | D:2      | Reached XP level 4. HP: 24/40 MP: 4/4
  2916 | D:3      | Noticed qepasa's ghost (amateur FoEn)
  3246 | D:4      | Noticed an orc warrior
  3253 | D:4      | Noticed an ogre
  3283 | D:4      | HP: 1/40 [orc warrior/broad axe (13)]
  3284 | D:4      | Killed from afar by an orc wizard

Skill      XL: |  1  2  3 |
---------------+----------+-----
Dodging        | 2 |  2.7
Stealth        | 2 |  2.3
Fighting       | 4 |  4.2
Short Blades   | 2 |  2.6
Axes           | |  1.0
Maces & Flails | |  0.4
Shields        | |  1.0

Action                   |  1- 3 |  4- 6 || total
-------------------------+-------+-------++-------
Melee: Short sword       |    91 |       ||    91
       Tailslap          |     8 |     5 ||    13
       Whip              |    28 |    42 ||    70
  Use: Potion            |     4 |     2 ||     6
       Scroll            |     3 |     5 ||     8
 Stab: Sleeping          |     3 |       ||     3
  Eat: Chunk             |     4 |       ||     4
       Bread ration      |       |     1 ||     1
Armor: Skin              |    32 |    23 ||    55
Dodge: Dodged            |    91 |    48 ||   139
